 Dungeon Crawl Stone Soup version 0.27-a0-909-g0721f309d1 (webtiles) character file.

Game seed: 8240720252194602974

3647 stormannn the Thaumaturge (level 10, -5/72 HPs)
             Began as a Djinni Hedge Wizard on Apr 6, 2021.
             Was a Believer of Makhleb.
             Slain by a wraith (13 damage)
             ... on level 9 of the Dungeon on Apr 9, 2021.
             The game lasted 00:38:07 (12116 turns).

stormannn the Thaumaturge (Djinni Hedge Wizard)    Turns: 12116, Time: 00:38:07

Health: -5/72      AC:  9    Str:  9    XL:     10   Next: 12%
Gold:   560        EV: 15    Int: 19    God:    Makhleb [**....] SH:  0 Dex: 13

rFire    + + .     SeeInvis .   H - +8 dagger (distort)
rCold    x . .     Faith    +   (no shield)
rNeg     + . .     Spirit   .   A - +2 robe {Will+}
rPois    ∞         Reflect  .   j - +0 helmet
rElec    .         Harm     .   (no cloak)
rCorr    .         Rampage  .   (no gloves)
Will     ++...                  (boots unavailable)
Stlth    ++........             q - amulet of faith
HPRegen  0.22/turn              e - +4 ring of protection
MPRegen  0.00/turn              i - ring of positive energy

@: flying, slowed, very slow
A: fire resistance 2, cold vulnerability 1, float, innate caster, hp casting,
extra vitality 1
a: Renounce Religion, Minor Destruction


You were on level 9 of the Dungeon.
You worshipped Makhleb.
Makhleb was pleased with you.
You visited 1 branch of the dungeon, and saw 10 of its levels.

You collected 615 gold pieces.
You spent 55 gold pieces at shops.

Inventory:

Hand Weapons
 H - a +8 dagger of distortion (weapon)
Missiles
 c - 3 atropa-tipped darts
 v - 3 throwing nets
 z - 18 boomerangs of dispersal (quivered)
Armour
 j - a +0 helmet (worn)
 A - a +2 robe of willpower (worn)
Magical Staves
 f - a staff of fire
Jewellery
 e - a +4 ring of protection (left hand)
 i - a ring of positive energy (right hand)
 q - an amulet of faith (around neck)
Wands
 w - a wand of random effects (13)
 C - a wand of mindburst (11)
 I - a wand of iceblast (5)
Scrolls
 d - 13 scrolls of identify
 l - 2 scrolls of immolation {unknown}
 o - 2 scrolls of amnesia {unknown}
 r - 2 scrolls of summoning {unknown}
 t - a scroll of vulnerability {unknown}
 u - 3 scrolls of teleportation
 E - a scroll of magic mapping {unknown}
 F - 2 scrolls of acquirement {unknown}
 G - a scroll of brand weapon {unknown}
Potions
 a - a potion of haste {unknown}
 b - a potion of might {unknown}
 h - 2 potions of mutation {unknown}
 k - 4 potions of attraction {unknown}
 m - 2 potions of flight {unknown}
 n - a potion of degeneration {unknown}
 p - a potion of invisibility {unknown}
 s - 2 potions of lignification {unknown}
 x - a potion of curing {unknown}
 B - a potion of magic {unknown}
 D - a potion of cancellation {unknown}


   Skills:
 + Level 6.3 Fighting
 + Level 7.3 Dodging
 - Level 1.5 Stealth
 - Level 4.0 Shields
 * Level 8.1 Spellcasting
 + Level 2.8 Invocations
 + Level 2.8 Evocations


You had 3 spell levels left.
You knew the following spells:

 Your Spells              Type           Power      Damage    Failure   Level
a - Magic Dart            Conj           100%       1d8       1%          1
b - Blink                 Tloc           N/A        N/A       1%          2
c - Call Imp              Summ           38%        N/A       1%          2
d - Slow                  Hex            38%        N/A       1%          2
e - Conjure Flame         Conj/Fire      38%        6-21      1%          3
f - Mephitic Cloud        Conj/Pois/Air  38%        N/A       1%          3
g - Foxfire               Conj/Fire      100%       2x1d9     1%          1
h - Wereblood             Tmut           38%        N/A       1%          2
i - Teleport Other        Tloc           38%        N/A       1%          3
j - Tukima's Dance        Hex            38%        N/A       1%          3
Your spell library was empty.

Dungeon Overview and Level Annotations

Branches:
Dungeon (10/15)            Temple (0/1) D:5
   Lair: D:8-11         Orc: D:9-12

Altars:
Dithmenos
Gozag
Kikubaaqudgha
Makhleb
Nemelex Xobeh
Okawaru
Sif Muna
Wu Jian
Zin
The Shining One

Shops:
D:5 !   D:6 !

Annotations:
D:2 Sigmund


Innate Abilities, Weirdness & Mutations

You are immune to poison.
Your flesh is very heat resistant. (rF++)
You are vulnerable to cold. (rC-)
You float through the air rather than walking.
You learn spells naturally, not from books.
Your magical power is your life essence.
You have superior vitality. (+4 HP)


Message History

Casting: Foxfire (safe; 1% risk of failure)
Confirm with . or Enter, or press ? or * to list all spells.
You conjure some foxfire!
The foxfire hits the wraith!
The wraith is almost destroyed.
The foxfire hits the wraith but does no damage.
The wraith is almost destroyed.
The wraith closely misses you. The kobold brigand barely misses you.
The wraith hits you! The wraith drains your vigour!
You feel as though you will be slow longer.
Casting: Foxfire (safe; 1% risk of failure)
Confirm with . or Enter, or press ? or * to list all spells.
You conjure some foxfire!
The kobold brigand barely misses you. The wraith hits you but does no damage.
The kobold brigand misses you.
Casting: Foxfire (safe; 1% risk of failure)
Confirm with . or Enter, or press ? or * to list all spells.
There is not enough space to conjure foxfire!
Unknown command.
Your foxfire dissipates!
The foxfire hits the wraith but does no damage.
The wraith is severely damaged.
The foxfire hits the wraith.
The wraith is almost destroyed.
The wraith hits you!
* * * LOW HITPOINT WARNING * * *
The wraith drains your vigour!
You feel as though you will be slow longer.
The kobold brigand throws a curare-tipped dart.
The curare-tipped dart barely misses you.
Casting: Foxfire (safe; 1% risk of failure)
Confirm with . or Enter, or press ? or * to list all spells.
You conjure some foxfire!
* * * LOW HITPOINT WARNING * * *
The foxfire hits the kobold brigand.
The kobold brigand is moderately wounded.
The wraith hits you.
* * * LOW HITPOINT WARNING * * *
The wraith drains your vigour!
You feel as though you will be slow longer.
The wraith hits you!
You die...

... #.#.# ..⌠....#.#
##.#
#####.oc##..⌠..o.W⌠.o##
#...
#..)#.c..cK.......c.Kzo
#..#
#.#)#§#.##..⌠.....c.{##
#..# #.#KW.#.#
...⌠...)#.#
#..####.####### ......#
.# #.......).....#
...c.# .#
#...###....Kv.# #####
.# #..........W@.# ##
####.#.#########.# #
#....#.# .# # #.##.#.#
.# # #.##.#.######## .#
# ##>####......... .# #
#........# .. #
########># ## #.#


You could see a wraith (ally target) and a kobold brigand.

Vanquished Creatures
  Psyche (D:8)
  A yak (D:9)
  A wyvern (D:7)
  Menkaure (D:7)
  3 ice beasts
  An orc warrior (D:9)
  2 sky beasts
  An ogre (D:5)
  A phantom (D:6)
  4 centaurs
  2 kobold brigands (D:7)
  3 scorpions
  A wyvern skeleton (D:5)
  4 wights (D:8)
  A jelly (D:7)
  3 centaur zombies
  3 bullfrog zombies (D:5)
  3 orc priests
  A centaur skeleton (D:6)
  2 hounds (D:5)
  2 bullfrog skeletons
  A gnoll shaman (D:7)
  Jessica (D:2)
  4 iguanas
  13 orc wizards
  A hound skeleton (D:4)
  A hound zombie (D:5)
  A howler monkey zombie (D:9)
  11 gnolls
  3 adders
  A shadow imp (D:6)
  A dart slug (D:1)
  19 orcs
  2 bats (D:1)
  2 endoplasms (D:1)
  3 giant cockroaches
  14 hobgoblins
  8 jackals
  15 kobolds
  2 quokkas
  6 ball pythons
  4 frilled lizards
  11 goblins
  2 rats (D:3)
167 creatures vanquished.

Vanquished Creatures (collateral kills)
  2 gnolls
2 creatures vanquished.

Vanquished Creatures (others)
  A dancing weapon (D:9)
  An unseen horror (D:9)
  716 foxfires
  38 fungi (D:10)
  34 plants (D:10)
790 creatures vanquished.

Grand Total: 959 creatures vanquished

Notes
Turn   | Place    | Note
-------+----------+-------------------------------------------
     0 | D:1      | stormannn the Djinni Hedge Wizard began the quest for the
                  | Orb.
     0 | D:1      | Reached XP level 1. HP: 15/15 MP: 0/0
   299 | D:1      | Found a faded altar of an unknown god.
   441 | D:1      | Reached XP level 2. HP: 17/22 MP: 0/0
   735 | D:1      | Reached skill level 3 in Spellcasting
  1234 | D:1      | Reached XP level 3. HP: 9/26 MP: 0/0
  1234 | D:1      | Learned a level 1 spell: Foxfire
  1537 | D:1      | Reached skill level 1 in Shields
  1926 | D:2      | Reached skill level 1 in Fighting
  2826 | D:2      | Noticed Sigmund
  3175 | D:3      | Reached XP level 4. HP: 27/32 MP: 0/0
  4235 | D:4      | Reached XP level 5. HP: 32/38 MP: 0/0
  4235 | D:4      | Learned a level 2 spell: Wereblood
  5658 | D:5      | Entered Level 5 of the Dungeon
  5658 | D:5      | Noticed a sky beast
  5679 | D:5      | Noticed an ogre
  5759 | D:5      | Found a sparkling altar of Nemelex Xobeh.
  5792 | D:5      | Reached skill level 4 in Spellcasting
  5798 | D:5      | Reached XP level 6. HP: 31/43 MP: 0/0
  6137 | D:5      | Killed a sky beast
  6138 | D:5      | Reached XP level 7. HP: 42/49 MP: 0/0
  6138 | D:5      | Learned a level 3 spell: Teleport Other
  6264 | D:5      | Found Vyoddet's Distillery.
  6295 | D:5      | Bought a potion of heal wounds for 55 gold pieces
  6415 | D:5      | Found a staircase to the Ecumenical Temple.
  6483 | D:5      | Reached skill level 5 in Spellcasting
  6731 | D:5      | Found a glowing golden altar of the Shining One.
  7034 | D:2      | Noticed Jessica
  7039 | D:2      | Killed Jessica
  7227 | D:6      | Reached XP level 8. HP: 55/57 MP: 0/0
  7488 | D:6      | Found Jyrchipn's Distillery.
  7560 | D:6      | Reached skill level 5 in Dodging
  7727 | D:6      | Found a faded altar of an unknown god.
  7727 | D:6      | Found a shadowy altar of Dithmenos.
  7734 | D:6      | Found an opulent altar of Gozag.
  7736 | D:6      | Found a glowing silver altar of Zin.
  7738 | D:6      | Found a burning altar of Makhleb.
  7742 | D:6      | Became a worshipper of Makhleb the Destroyer
  8211 | D:7      | Noticed a wyvern
  8843 | D:7      | Reached skill level 6 in Spellcasting
  9150 | D:7      | Killed a wyvern
  9337 | D:7      | Reached * piety under Makhleb
  9469 | D:7      | Noticed Menkaure
  9476 | D:7      | Killed Menkaure
  9477 | D:7      | Reached XP level 9. HP: 61/64 MP: 0/0
  9477 | D:7      | Learned a level 3 spell: Tukima's Dance
  9535 | D:7      | Reached skill level 5 in Fighting
 10128 | D:7      | Reached skill level 7 in Spellcasting
 10537 | D:8      | Upgraded the game from 0.27-a0-906-g0a00ce863d to
                  | 0.27-a0-909-g0721f309d1
 11037 | D:8      | Noticed Psyche
 11044 | D:8      | Killed Psyche
 11045 | D:8      | Reached skill level 1 in Invocations
 11045 | D:8      | Reached skill level 1 in Evocations
 11563 | D:8      | Found an iron altar of Okawaru.
 11566 | D:8      | Found an ornate altar of the Wu Jian Council.
 11753 | D:10     | Entered Level 10 of the Dungeon
 11980 | D:9      | Reached XP level 10. HP: 63/72 MP: 0/0
 11985 | D:9      | Reached ** piety under Makhleb
 12077 | D:9      | Killed an unseen horror
 12078 | D:9      | Reached skill level 8 in Spellcasting
 12116 | D:9      | Slain by a wraith

Illustrated notes

Levels and vault maps discovered:
D:1:      psy_arrival_spokes, layout_loops_ring, ebering_ecumenical_altar_webs
D:2:      cheibrodos_greedy_goblins, layout_basic, basic_altar,
          solitary_fountain, minmay_misc_feat_five, uniq_sigmund, uniq_jessica
D:3:      layout_loops_cross, grunt_decor_fettered
D:4:      layout_loops_ring
D:5:      layout_rooms, lemuel_doored_altar, general_overflow_altar,
          temple_doors_cd, serial_shops, shop
D:6:      layout_basic, chequers_temple_overflow_minitemple, serial_shops,
          nicolae_shop_stone
D:7:      layout_loops_ring, enter_bailey_4, grunt_decor_resistance,
          minmay_unpleasant_kobolds, uniq_menkaure
D:8:      layout_basic, minitemple, kennysheep_generic_room_14, uniq_psyche
D:9:      kennysheep_ambush_hall, layout_basic, nicolae_ashenzari_skybound
D:10:     layout_roguey, due_lair_maze_entry_diamond, orc_0_dummy,
          minmay_misc_feat_iff, patterned_corridor

Skill      XL: |  1  2  3  4  5  6  7  8  9 10 |
---------------+-------------------------------+-----
Spellcasting   | 3 4 5 6 7 8 |  8.1
Shields        | 1 2 3 4 |  4.0
Fighting       | 1 2 3 4 6 |  6.3
Dodging        | 3 4 6 7 |  7.3
Invocations    | 2 |  2.8
Evocations     | 2 |  2.8
Stealth        | |  1.5

Action                   |  1- 3 |  4- 6 |  7- 9 | 10-12 || total
-------------------------+-------+-------+-------+-------++-------
Melee: Dagger            |    24 |     8 |     6 |     5 ||    43
       Quarterstaff      |       |       |    17 |       ||    17
 Cast: Magic Dart        |    73 |    20 |    31 |     9 ||   133
       Call Imp          |     1 |       |       |       ||     1
       Foxfire           |    16 |    98 |   319 |    24 ||   457
       Blink             |       |     1 |     1 |       ||     2
       Conjure Flame     |       |       |     3 |     1 ||     4
       Mephitic Cloud    |       |       |     3 |       ||     3
       Slow              |       |       |     2 |       ||     2
       Teleport Other    |       |       |     1 |       ||     1
       Tukima's Dance    |       |       |     2 |       ||     2
  Use: Scroll            |       |       |     8 |       ||     8
       Potion            |       |       |     1 |     1 ||     2
 Stab: Confused          |       |       |     1 |       ||     1
Armor: Robe              |    16 |    10 |    43 |    16 ||    85
Dodge: Dodged            |    15 |    22 |    94 |    28 ||   159

Table legend: (Time is in decaauts)
 A = Elapsed time spent in this place.
 B = Non-inter-level travel time spent in this place.
 C = Inter-level travel time spent in this place.
 D = Time resting spent in this place.
 E = Time spent auto-exploring this place.
 F = Levels seen in this place.
 G = Mean time per level.
                   A        B        C        D        E       F      G
               +--------+--------+--------+--------+--------+-----+--------+
         Total |  12130 |  11514 |    616 |   4132 |   5880 |  10 | 1213.0 |
       Dungeon |  12130 |  11514 |    616 |   4132 |   5880 |  10 | 1213.0 |
               +--------+--------+--------+--------+--------+-----+--------+

Top non-repeatable levels by time:
     D:1: 1885 daAuts
     D:7: 1802 daAuts
     D:6: 1544 daAuts
     D:4: 1527 daAuts
     D:3: 1352 daAuts
     D:2: 1236 daAuts
     D:5: 1196 daAuts
     D:8: 1094 daAuts
     D:9: 313 daAuts
    D:10: 177 daAuts
